 Dungeon Crawl Stone Soup version 0.30.1-3-gfc49f6343a (webtiles) character file.

Game seed: 3507306081493311500

1798 Inchmeat the Grappler (level 8, 0/74 HPs)
             Began as a Troll Gladiator on July 18, 2023.
             Slain by a gnoll
             ... wielding a +0 whip
             ... led by a gnoll bouda
              (2 damage)
             ... on level 5 of the Dungeon.
             The game lasted 00:06:44 (3864 turns).

Inchmeat the Grappler (Troll Gladiator)             Turns: 3864, Time: 00:06:45

Health: 0/74       AC:  6    Str: 25    XL:     8   Next: 83%
Magic:  7/7        EV: 10    Int:  4    God:
Gold:   270        SH:  0    Dex: 11    Spells: 7/7 levels left

rFire   . .          .
                       - Unarmed
rCold   . . .        (no shield)
rNeg    . . .        a - +0 robe
rPois   .            b - +0 hat
rElec   .            m - +1 cloak
rCorr   .            (gloves unavailable)
SInv    .            (boots unavailable)
Will    .....        (no amulet)
Stlth   +            (no ring)
HPRegen 1.12/turn    (no ring)
MPRegen 0.10/turn

%: no passive effects
@: weakened
A: large, unfitting armour, claws 3, regeneration 1, shaggy fur 1, tough skin 1
a: no special abilities


You were on level 5 of the Dungeon.
You visited 1 branch of the dungeon, and saw 5 of its levels.

You collected 270 gold pieces.

Inventory:

Hand Weapons
 c - a +2 whip of electrocution
 h - the +4 dagger "Koj Emiq" {venom, *Slow +Blink Will+ Int+6}
   (You found it on level 3 of the Dungeon)

   Int:       It affects your intelligence (+6).
   +Blink:    It lets you blink.
   *Slow:     It may slow you when you take damage.
   Will:      It increases your willpower.
 l - a +2 quarterstaff of chaos
Missiles
 d - 11 large rocks (quivered)
 q - 2 throwing nets
Armour
 a - a +0 robe (worn)
 b - a +0 hat (worn)
 m - a +1 cloak (worn)
Jewellery
 n - a ring of see invisible
Wands
 t - a wand of acid (4)
Scrolls
 f - a scroll of fog {unknown}
 g - 4 scrolls of teleportation {unknown}
 i - 3 scrolls of fear {unknown}
 k - 4 scrolls of enchant weapon
 o - a scroll of silence {unknown}
 p - 2 scrolls of identify
Potions
 e - a potion of magic {unknown}
 j - a potion of attraction
 r - 2 potions of lignification {unknown}
 s - a potion of flight {unknown}


   Skills:
 - Level 2.5 Fighting
 - Level 1.7 Throwing
 - Level 2.4 Dodging
 * Level 11.5 Unarmed Combat


You had 7 spell levels left.
You didn't know any spells.
Your spell library contained the following spells:

 Spells                   Type           Power      Damage    Failure   Level
 Slow                     Hex            0%         N/A       50%         1
 Confusing Touch          Hex            0%         N/A       86%         3
 Inner Flame              Hex/Fire       0%         N/A       86%         3
 Vampiric Draining        Necr           0%         2d6       86%         3
 Volatile Blastmotes      Fire/Tloc      0%         2d10      86%         3
 Fulminant Prism          Conj/Hex       0%         3d5       99%         4
 Iskenderun's Mystic Bla  Conj/Tloc      0%         2d3       99%         4
 Lee's Rapid Deconstruct  Erth           0%         3d4*      100%        5
 Yara's Violent Unravell  Hex/Tmut       0%         3d3       100%        5
 Enfeeble                 Hex            0%         N/A       100%        7


Dungeon Overview and Level Annotations

Branches:
Dungeon (5/15)
 Temple: D:4-7

Altars:
Dithmenos


Innate Abilities, Weirdness & Mutations

You are too large for most types of armour.
You have claws for hands.
Your natural rate of healing is unusually fast.
You are covered in fur. (AC +1)
You have tough skin. (AC +1)


Message History

The gnoll barely misses you. The gnoll attacks as you move away!
The gnoll barely misses you. The gnoll attacks as you move away!
The gnoll closely misses you.
Okay, then.
Okay, then.
The gnoll bouda barks out a call to the hunt!
The gnolls pick up the pace!
The gnoll attacks as you move away! The gnoll hits you with a +0 whip.
* * * LOW HITPOINT WARNING * * *
The gnoll barely misses you. The gnoll attacks as you move away!
The gnoll hits you with a +0 whip.
* * * LOW HITPOINT WARNING * * *
The gnoll attacks as you move away! The gnoll hits you with a +5 whip.
* * * LOW HITPOINT WARNING * * *
Your attacks no longer feel as feeble.
The gnoll attacks as you move away! The gnoll hits you with a +0 whip.
* * * LOW HITPOINT WARNING * * *
The gnoll hits you with a +0 whip.
* * * LOW HITPOINT WARNING * * *
The gnoll attacks as you move away! The gnoll hits you with a +0 whip.
* * * LOW HITPOINT WARNING * * *
Okay, then.
Okay, then.
The gnoll bouda gazes fiercely through you!
You feel your attacks grow feeble. The gnoll attacks as you move away!
The gnoll hits you with a +0 whip.
* * * LOW HITPOINT WARNING * * *
The gnoll hits you but does no damage.
The gnoll bouda gazes fiercely through you!
You feel as though you will be weak longer.
The gnoll attacks as you move away! The gnoll hits you with a +0 whip.
* * * LOW HITPOINT WARNING * * *
The gnoll is no longer moving quickly.
The gnoll barely misses you.
The gnoll bouda barks out a call to the hunt!
The gnoll picks up the pace!
The gnoll attacks as you move away! The gnoll hits you but does no damage.
The gnoll attacks as you move away! The gnoll hits you with a +5 whip.
* * * LOW HITPOINT WARNING * * *
The gnoll attacks as you move away! The gnoll hits you with a +0 whip.
You die...

#.# ##.# ##.# #
#.###.####.## ### #.#
#.....##.## #.#
#..####..###...# #.##
#.....## ###.## #..##
###...# #..####.... ##.<#
##......... ##.# #...###...
##@## #..###...# ###.gg##
###.####..##
#.....###......###....##..##
##..........###............#
##........### #......###..##
###........# ##g.....# ##..#
...........# #..##..##
##.### ..........# #.####..#
##.... #........#
###.####..####..###


You could see a gnoll bouda and 2 gnolls.

Vanquished Creatures
  Pikel (D:3)
  Grinder (D:4)
  Menkaure (D:4)
  Edmund (D:5)
  2 ogres (D:5)
  2 phantoms
  A lemure (D:4)
  A hound (D:5)
  4 orc priests
  Crazy Yiuf (D:2)
  A gnoll bouda (D:5)
  A sleepcap (D:5)
  3 iguanas
  An orc wizard (D:4)
  A hound zombie (D:3)
  2 hound skeletons (D:3)
  Robin (D:4)
  6 gnolls (D:5)
  6 adders
  An adder zombie (D:3)
  3 worms
  The ghost of mwobee the Sneak, a weakling DrDe (D:3)
  6 dart slugs
  11 orcs
  6 endoplasms
  A giant cockroach (D:4)
  11 goblins
  2 hobgoblins
  5 quokkas
  4 ball pythons
  8 bats
  2 frilled lizards (D:3)
  9 kobolds
  A rat (D:2)
108 creatures vanquished.

Notes
Turn   | Place    | Note
-------+----------+-------------------------------------------
     0 | D:1      | Inchmeat the Troll Gladiator began the quest for the Orb.
     0 | D:1      | Reached XP level 1. HP: 19/19 MP: 0/0
   228 | D:1      | Reached XP level 2. HP: 25/28 MP: 1/1
   752 | D:2      | Reached XP level 3. HP: 35/35 MP: 2/2
   776 | D:2      | Reached skill level 4 in Unarmed Combat
  1008 | D:2      | Found a runed translucent door.
  1009 | D:2      | Noticed Crazy Yiuf
  1046 | D:2      | Reached XP level 4. HP: 38/44 MP: 3/3
  1230 | D:2      | Killed Crazy Yiuf
  1424 | D:3      | Noticed a phantom
  1434 | D:3      | Killed a phantom
  1435 | D:3      | Reached skill level 5 in Unarmed Combat
  1435 | D:3      | Reached XP level 5. HP: 32/50 MP: 4/4
  1446 | D:3      | Reached skill level 6 in Unarmed Combat
  1673 | D:3      | Reached XP level 6. HP: 59/59 MP: 5/5
  1715 | D:3      | Identified the +4 dagger "Koj Emiq" {venom, *Slow +Blink
                  | Will+ Int+6}
  1732 | D:3      | Found a shadowy altar of Dithmenos.
  2160 | D:4      | Found a runed translucent gate.
  2160 | D:4      | Found a runed translucent gate.
  2411 | D:4      | Reached skill level 7 in Unarmed Combat
  2657 | D:4      | Noticed Robin
  2659 | D:4      | Killed Robin
  2670 | D:4      | Noticed Menkaure
  2677 | D:4      | Killed Menkaure
  2678 | D:4      | Reached skill level 8 in Unarmed Combat
  2678 | D:4      | Reached XP level 7. HP: 35/66 MP: 6/6
  2748 | D:4      | Noticed Pikel
  2880 | D:3      | Killed Pikel
  2881 | D:3      | Reached skill level 9 in Unarmed Combat
  2881 | D:3      | Reached XP level 8. HP: 21/74 MP: 7/7
  3041 | D:4      | Found a runed translucent gate.
  3042 | D:4      | Noticed mwobee's ghost (weakling DrDe)
  3054 | D:3      | Killed mwobee's ghost
  3091 | D:4      | Noticed Grinder
  3100 | D:4      | Killed Grinder
  3101 | D:4      | Reached skill level 10 in Unarmed Combat
  3301 | D:5      | Entered Level 5 of the Dungeon
  3418 | D:5      | Reached skill level 11 in Unarmed Combat
  3829 | D:5      | Noticed Edmund
  3839 | D:5      | Killed Edmund
  3856 | D:5      | HP: 3/74 [gnoll/+0 whip[a gnoll bouda] (4)]
  3864 | D:5      | HP: 2/74 [gnoll/+5 whip[a gnoll bouda] (6)]
  3864 | D:5      | Slain by a gnoll

Illustrated notes

Levels and vault maps discovered:
D:1:      dpeg_arrival_snail, layout_basic
D:2:      layout_rooms, chequers_serial_rivers_small_a, minmay_tetromino_t4,
          uniq_crazy_yiuf_cottage
D:3:      kennysheep_big_flooded_room, layout_basic,
          nicolae_dithmenos_the_darkroom, serial_undead, serial_undead_e,
          serial_undead_d, serial_undead_e, serial_undead_f
D:4:      layout_loops_corners, ebering_ghost_rock_garden,
          kennysheep_generic_room_14, uniq_menkaure, uniq_pikel, uniq_grinder,
          uniq_robin
D:5:      minmay_chambers_of_threes, layout_layer_cave, uniq_edmund

Skill      XL: |  1  2  3  4  5  6  7  8 |
---------------+-------------------------+-----
Fighting       | 2 |  2.5
Unarmed Combat | 4 5 6 8 9 11 | 11.5
Throwing       | |  1.7
Dodging        | |  2.4

Action                     |  1- 3 |  4- 6 |  7- 9 || total
---------------------------+-------+-------+-------++-------
  Melee: Unarmed           |    92 |   120 |    84 ||   296
         Punch             |       |     5 |     8 ||    13
         Whip              |       |       |     7 ||     7
  Throw: Throwing net      |       |       |     3 ||     3
    Use: Potion            |       |     3 |       ||     3
         Scroll            |       |     2 |       ||     2
   Stab: Sleeping          |     1 |     1 |       ||     2
         Distracted        |       |     1 |       ||     1
 Armour: Robe              |    38 |    37 |    22 ||    97
  Dodge: Dodged            |    50 |    82 |    61 ||   193
